cohdb
Replays
Latest Replays
All Replays
Popular Replays
Top Player Replays
Match Explorer
How It Works
Community
CoH3 Stats
Reddit
Sign in to upload your games and track your stats! →
Sign in with Steam
Match 46477552
Unlisted
Match 46477552
Overview
Messages
Build Orders
End
Pioneer Squad
Construct Infanterie Kompanie
Grenadier Squad
Selects Terror Battlegroup
Selects Machine Gun Camouflage
MG 42 Machine Gun Team
Grenadier Squad
Construct Luftwaffe Kompanie
Jäger Squad
221 Scout Car
Medical Bunker
Support Elements
Wirbelwind Flakpanzer
Wirbelwind Flakpanzer
Selects No Quarter
Jäger Squad
Wirbelwind Flakpanzer
Jäger Squad
Wirbelwind Flakpanzer
Luftwaffe Officer Quarters
MG 42 Machine Gun Team
Selects King Tiger Heavy Tank
MG 42 Machine Gun Team
Kettenkrad Recon Vehicle
Selects Contempt for the Weak
Selects Propaganda Leaflet Drop
King Tiger Heavy Tank
UMirinBrah?
jpeg
0
0
Comments
sign in to comment!
No comments posted yet!